 Dungeon Crawl Stone Soup version 0.30-a0-996-ga6910c8ee8 (webtiles) character file.

Game seed: 2124652424960300930

115 cforsyth the Caller (level 5, -10/31 HPs)
             Began as an Octopode Summoner on Apr 5, 2023.
             Blown up by Ijyb (17 damage)
             ... with a mindburst bolt
             ... on level 3 of the Dungeon.
             The game lasted 00:05:09 (2809 turns).

cforsyth the Caller (Octopode Summoner)             Turns: 2809, Time: 00:05:10

Health: -10/31     AC:  1    Str:  7    XL:     5   Next: 0%
Magic:  3/10       EV: 13    Int: 20    God:
Gold:   178        SH:  0    Dex: 12    Spells: 1/10 levels left

rFire   . . .      SeeInvis .    (no weapon)
rCold   . . .      Faith    .    (no shield)
rNeg    . . .      Spirit   .    (helmet restricted)
rPois   .          Reflect  .    (no amulet)
rElec   .          Rampage  .    (no ring)
rCorr   .                        (no ring)
Will    .....                    (no ring)
Stlth   +++                      (no ring)
HPRegen 0.25/turn                (no ring)
MPRegen 0.12/turn                (no ring)
                                 (no ring)
                                 (no ring)

@: flying
A: almost no armour, amphibious, 8 rings, camouflage 1, gelatinous body 1,
(nimble swimmer 1), tentacles
a: no special abilities


You were on level 3 of the Dungeon.
You visited 1 branch of the dungeon, and saw 3 of its levels.

You collected 178 gold pieces.

Inventory:

Scrolls
 b - 2 scrolls of immolation {unknown}
 c - a scroll of enchant armour {unknown}
 e - a scroll of blinking {unknown}
 f - a scroll of identify {unknown}
Potions
 a - 2 potions of magic


   Skills:
 - Level 2.0 Dodging
 - Level 2.6 Stealth
 + Level 3.4 Spellcasting
 + Level 0.4 Hexes
 + Level 5.1 Summonings


You had one spell level left.
You knew the following spells:

 Your Spells              Type           Power      Damage    Failure   Level
a - Summon Small Mammal   Summ           96%        N/A       1%          1
b - Call Imp              Summ           24%        N/A       2%          2
c - Call Canine Familiar  Summ           24%        N/A       4%          3
d - Summon Guardian Gole  Hex/Summ       14%        N/A       13%         3

Your spell library contained the following spells:

 Spells                   Type           Power      Damage    Failure   Level
 Summon Lightning Spire   Summ/Air       13%        N/A       43%         4


Dungeon Overview and Level Annotations

Branches:
Dungeon (3/15)

Altars:

Annotations:
D:3 Ijyb, Pargi


Innate Abilities, Weirdness & Mutations

You cannot wear most types of armour.
You are amphibious.
You can wear up to eight rings at the same time.
Your skin changes colour to match your surroundings (Stealth+).
Your rubbery body absorbs attacks. (AC +1, EV +1)
((You are camouflaged when in or above water. (Stealth+)))
You have tentacles for arms and can constrict up to eight enemies at once.


Message History

Things that are here:
a +0 mace; a +0 ring mail
There is an open door here.
f - a scroll labelled FIRGHA SI UTOGH You open the door.
Ijyb the Twisted Goblin comes into view.
She is wielding a +0 club and carrying a wand of mindburst (11).
There is an open door here.
Ijyb is nearby!
Ijyb is nearby!
Ijyb is nearby!
Casting: Call Imp (safe; 2% risk of failure)
Confirm with . or Enter, or press ? or * to list all spells.
Ijyb shouts!
Casting: Call Canine Familiar (dangerous; 4% risk of failure)
Confirm with . or Enter, or press ? or * to list all spells.
A beastly little devil appears in a puff of frigid air.
Casting: Call Imp (safe; 2% risk of failure)
Confirm with . or Enter, or press ? or * to list all spells.
Your hound bites Ijyb but does no damage.
Ijyb zaps a wand.
Your mind is blasted!
Ouch! That really hurt!
Casting: Summon Small Mammal (safe; 1% risk of failure)
Confirm with . or Enter, or press ? or * to list all spells.
Your hound barely misses Ijyb.
Your hound closely misses Ijyb.
Your hound bites Ijyb but does no damage.
Ijyb zaps a wand.
Your quokka's mind is blasted!
Your quokka is blown up!
Your quokka's corpse disappears in a puff of smoke!
Your hound bites Ijyb.
Your white imp hits Ijyb.
Your white imp freezes Ijyb.
Ijyb screams, "I cut your head off!"
Ijyb zaps a wand.
Your mind is blasted!
* * * LOW HITPOINT WARNING * * *
It was a potion of flight.
You feel very buoyant.
You fly up into the air.
Your hound closely misses Ijyb.
Your white imp closely misses Ijyb.
Your hound barely misses Ijyb.
Ijyb zaps a wand.
Your mind is blasted!
Ouch! That really hurt!
You die...

#.....).#
#.......##
#...)....#########
#####....'.......#
#....#######.#
#....# #.# #....#
####'##### ######
#........###
#...@........
#............
#.....r5g....
####+##.h....
...... ......
...... ...


You could see Ijyb (ally target), a friendly hound (summoned), a friendly white
imp (summoned) and a friendly quokka (summoned).

Vanquished Creatures
  An orc (D:3)
  3 bats (D:2)
  3 endoplasms
  A goblin (D:1)
  A kobold (D:2)
  3 rats
12 creatures vanquished.

Vanquished Creatures (collateral kills)
  Terence (D:2)
  Robin (D:2)
  2 adders
  3 ball pythons
  2 bats (D:1)
  4 endoplasms
  2 giant cockroaches
  12 goblins
  4 hobgoblins
  2 jackals (D:1)
  A quokka (D:2)
  A frilled lizard (D:1)
  4 kobolds
  3 rats
42 creatures vanquished.

Grand Total: 54 creatures vanquished

Notes
Turn   | Place    | Note
-------+----------+-------------------------------------------
     0 | D:1      | cforsyth the Octopode Summoner began the quest for the Orb.
     0 | D:1      | Reached XP level 1. HP: 11/11 MP: 3/3
   430 | D:1      | Reached XP level 2. HP: 17/17 MP: 5/5
   433 | D:1      | Learned a level 2 spell: Call Imp
  1052 | D:1      | Reached XP level 3. HP: 21/21 MP: 2/6
  1056 | D:1      | Learned a level 3 spell: Call Canine Familiar
  1877 | D:2      | Noticed Robin
  1888 | D:2      | Killed Robin
  1889 | D:2      | Reached XP level 4. HP: 27/27 MP: 1/8
  2056 | D:2      | Noticed Terence
  2080 | D:2      | Killed Terence
  2081 | D:2      | Reached skill level 5 in Summonings
  2253 | D:2      | Learned a level 3 spell: Summon Guardian Golem
  2556 | D:3      | Noticed Pargi
  2720 | D:3      | Reached XP level 5. HP: 15/31 MP: 4/10
  2801 | D:3      | Noticed Ijyb
  2809 | D:3      | Blown up by Ijyb

Illustrated notes

Levels and vault maps discovered:
D:1:      wheals_arrival_linesprint, layout_loops_ring, glass_columns_b,
          minmay_crystal_room
D:2:      layout_basic, uniq_robin, uniq_terence
D:3:      layout_basic, uniq_pargi, uniq_ijyb

Skill      XL: |  1  2  3  4 |
---------------+-------------+-----
Spellcasting   | 3 |  3.4
Summonings     | 5 |  5.1
Dodging        | |  2.0
Stealth        | |  2.6
Hexes          | |  0.4

Action                     |  1- 3 |  4- 6 || total
---------------------------+-------+-------++-------
  Melee: Unarmed           |    23 |    21 ||    44
         Tentacles         |     9 |     4 ||    13
         Constrict         |     7 |     5 ||    12
   Cast: Summon Small Mamm |    38 |     5 ||    43
         Call Imp          |    16 |     3 ||    19
         Call Canine Famil |     5 |     6 ||    11
    Use: Potion            |       |     1 ||     1
 Armour: Skin              |     1 |     3 ||     4
  Dodge: Dodged            |    28 |    13 ||    41

Table legend: (Time is in decaauts)
 A = Elapsed time spent in this place.
 B = Non-inter-level travel time spent in this place.
 C = Inter-level travel time spent in this place.
 D = Time resting spent in this place.
 E = Time spent auto-exploring this place.
 F = Levels seen in this place.
 G = Mean time per level.
                   A        B        C        D        E       F      G
               +--------+--------+--------+--------+--------+-----+--------+
         Total |   2808 |   2724 |     84 |    230 |   1963 |   3 |  936.0 |
       Dungeon |   2808 |   2724 |     84 |    230 |   1963 |   3 |  936.0 |
               +--------+--------+--------+--------+--------+-----+--------+

Top non-repeatable levels by time:
     D:1: 1314 daAuts
     D:2: 1088 daAuts
     D:3: 405 daAuts
